Map: Sequencer LE

Players

BuRny - Winner!

  • Race: Terran Terran
  • League: Master
  • Spawn Location: 7:00

llllllllllll

  • Race: Terran Terran
  • League: Master
  • Spawn Location: 1:00

VOD

Have the link to the VOD?

Description

Time

  • Played on: May 10, 2017, 11:12 a.m.
  • Length: 7:41
Show
View Real Time Build Order
Export as new Build Order

BuRny Terran - Winner!

Build Orders: Cyclone Opening, Reaper Expand 

Get SALT Encoding   

  12  0:00  SCV  
  13  0:12  SCV  
  14  0:17  Supply Depot  
  14  0:24  SCV  
  14  0:28  Refinery  
  15  0:38  SCV  
  16  0:45  Barracks  
  16  0:51  SCV  
  17  1:03  SCV  
  18  1:15  SCV  
  19  1:31  Orbital Command  
  19  1:32  Reaper  
  20  1:48  Command Center  
  20  2:00  Factory  
  20  2:04  SCV  
  20  2:08  Reaper  
  22  2:16  SCV, Refinery  
  22  2:21  Supply Depot  
  23  2:43  SCV  
  24  2:44  Barracks Reactor  
  23  2:53  Cyclone  
  23  2:55  SCV  
  23  2:57  Supply Depot  
  27  3:00  Orbital Command  
  27  3:07  SCV  
  28  3:14  Starport  
  28  3:27  Marine x2  
  28  3:30  Factory Tech Lab  
  28  3:31  SCV  
  28  3:32  SCV  
  32  3:44  SCV x2  
  32  3:48  Marine x2  
  35  3:49  Siege Tank  
  39  3:56  SCV x2  
  39  3:57  Viking  
  43  4:06  Marine x2  
  43  4:08  Supply Depot, SCV x2  
  47  4:20  SCV x2  
  47  4:23  Siege Tank  
  52  4:25  Marine x2  
  54  4:31  Viking  
  54  4:32  SCV  
  54  4:34  SCV  
  58  4:43  Supply Depot  
  58  4:44  Marine, SCV  
  58  4:45  Marine  
  61  4:46  SCV  
  61  4:51  Supply Depot  
  61  4:56  Supply Depot, SCV  
  62  5:02  SCV  
  61  5:08  Marine, SCV  
  61  5:09  Marine  
  61  5:11  Siege Tank  
  67  5:16  SCV  
  67  5:20  SCV  
  69  5:22  Medivac  
  69  5:25  Refinery  
  71  5:28  SCV  
  71  5:29  Marine x2  
  71  5:32  SCV  
  75  5:40  SCV  
  76  5:45  SCV  
  76  5:52  Starport Reactor  
  76  5:53  Barracks x2, SCV  
  77  5:59  Factory Tech Lab, Supply Depot x2  
  77  6:04  Engineering Bay  
  75  6:18  SCV  
  67  6:23  Marine  
  67  6:24  SCV  
  69  6:30  SCV  
  70  6:35  Siege Tank  
  70  6:38  Command Center  
  70  6:39  SCV  
  74  6:41  Marine  
  74  6:43  SCV  
  76  6:48  Starport Reactor  
  76  6:51  SCV  
  76  6:52  Marine  
  76  6:53  Marine x2, Refinery  
  80  6:56  SCV  
  80  6:58  Marine  
  80  6:59  Marine  
  83  7:03  SCV  
  83  7:07  Supply Depot  
  83  7:08  SCV  
  85  7:12  Marine x2  
  87  7:20  SCV x2  
Show
View Real Time Build Order
Export as new Build Order

llllllllllll Terran 

Build Orders: 1/1/1 

Get SALT Encoding   

  12  0:00  SCV  
  13  0:12  SCV  
  14  0:17  Supply Depot  
  14  0:24  SCV  
  14  0:27  Refinery  
  15  0:38  SCV  
  16  0:45  Barracks  
  16  0:50  SCV  
  16  0:55  Refinery  
  17  1:03  SCV  
  18  1:16  SCV  
  20  1:33  Reaper  
  20  1:35  Orbital Command  
  20  1:36  Factory  
  20  1:48  Supply Depot  
  20  2:00  SCV  
  21  2:07  Reaper  
  22  2:12  SCV  
  23  2:21  Starport, Hellion  
  25  2:25  SCV  
  26  2:30  Supply Depot  
  26  2:38  SCV  
  26  2:41  Barracks Reactor  
  26  2:42  Factory Tech Lab  
  26  2:53  SCV  
  27  3:00  Supply Depot  
  27  3:05  SCV  
  28  3:07  Raven  
  28  3:08  Widow Mine  
  32  3:17  SCV  
  33  3:29  SCV  
  33  3:30  Marine x2  
  35  3:39  Factory Tech Lab  
  35  3:41  Command Center  
  35  3:45  SCV  
  36  3:51  Raven  
  36  3:53  Supply Depot  
  36  3:54  Marine  
  39  3:57  SCV  
  40  4:13  Marine x2, SCV  
  40  4:14  Siege Tank  
  46  4:25  SCV  
  47  4:31  Marine x2, Supply Depot  
  47  4:37  SCV  
  49  4:49  SCV  
  49  4:50  Barracks  
  50  4:58  Marine x2  
  53  5:01  SCV  
  53  5:03  Starport Reactor  
  53  5:04  Siege Tank  
  53  5:06  Orbital Command  
  56  5:13  Barracks, SCV  
  57  5:19  Marine x2  
  59  5:26  SCV  
  60  5:31  Engineering Bay  
  60  5:33  Engineering Bay  
  60  5:35  SCV  
  61  5:38  Marine, SCV, Siege Tank  
  66  5:50  SCV x2  
  66  5:53  Refinery  
  66  5:54  Marine x2  
  66  5:56  Marine  
  71  6:04  Barracks Reactor  
  71  6:16  SCV x2  
  71  6:27  Marine x3  
  71  6:28  Siege Tank  
  75  6:36  Command Center  
  75  6:37  SCV x2  
  77  6:40  Supply Depot  
  77  6:41  Marine  
  77  6:42  Supply Depot  
  77  6:46  Refinery  
  78  6:47  Supply Depot  
  78  7:01  Marine x4, Medivac x2  
  78  7:03  SCV  
  78  7:05  Siege Tank  
  90  7:11  Supply Depot  
  89  7:19  Marine x3  
Tags
 
Add a new tag
Caveats
  • Supply blocks, unpowered buildings, or Contaminate may cause inaccurate times.
  • Supply counts are checked every 10 seconds.